 Dungeon Crawl Stone Soup version 0.20.1-1-g8b1a95d (webtiles) character file.

610 jmlagarto the Skirmisher (level 7, -1/54 HPs)
             Began as a Mummy Chaos Knight on Sept 18, 2017.
             Slain by a scorpion (12 damage)
             ... on level 3 of the Dungeon on Sept 19, 2017.
             The game lasted 00:13:26 (3940 turns).

jmlagarto the Skirmisher (Mummy Chaos Knight)       Turns: 3940, Time: 00:13:26

Health: -1/54      AC: 12    Str: 17    XL:     7   Next: 20%
Magic:  7/7        EV:  7    Int: 11    God:    Xom [......]
Gold:   252        SH:  0    Dex: 12    Spells: 6/6 levels left

rFire    x . .     SeeInvis .   l - +3 quarterstaff (chaos)
rCold    + . .     Gourm    .   (shield currently unavailable)
rNeg     + + +     Faith    .   s - +3 chain mail
rPois    ∞         Spirit   .   (no helmet)
rElec    .         Reflect  .   (no cloak)
rCorr    .         Harm     .   (no gloves)
MR       .....                  (no boots)
Stlth    ..........             (no amulet)
Regen    0.2/turn               (no ring)
MPRegen  0.1/turn               (no ring)

@: no status effects
A: no food or potions, fire vulnerability, cold resistance 1, negative energy
resistance 3, torment resistance, unbreathing
a: Renounce Religion


You were on level 3 of the Dungeon.
You worshipped Xom.
You were a very special plaything of Xom.
You were not hungry.

You visited 1 branch of the dungeon, and saw 4 of its levels.

You collected 252 gold pieces.

Inventory:

Hand Weapons
 a - a +0 hand axe of chaos
 l - a +3 quarterstaff of chaos (weapon)
 p - a +0 trident of freezing
 r - a +0 flail of holy wrath
Armour
 b - a +2 leather armour
 f - a +0 chain mail
 s - a +3 chain mail (worn)
Scrolls
 c - 3 scrolls of enchant weapon {unknown}
 d - 3 scrolls of remove curse {unknown}
 e - 3 scrolls of identify {unknown}
 g - 2 scrolls of fog {unknown}
 h - a scroll of fear {unknown}
 i - 2 scrolls of blinking {unknown}
 j - a scroll of recharging {unknown}
 k - a scroll of amnesia {unknown}
 m - 3 scrolls of teleportation {unknown}
 o - a scroll of magic mapping {unknown}
 q - 2 scrolls of immolation {unknown}
Books
 n - a book of Minor Magic

   Spells                             Type                      Level
   a - Magic Dart                     Conjuration                  1
   b - Blink                          Translocation                2
   c - Call Imp                       Summoning                    2
   d - Slow                           Hexes                        2
   e - Conjure Flame                  Conjuration/Fire             3
   f - Mephitic Cloud                 Conjuration/Poison/Air       3


   Skills:
 + Level 4.0 Fighting
 - Level 3.4 Axes
 * Level 4.0 Staves
 + Level 3.4 Armour
 + Level 1.5 Dodging
 + Level 0.5 Stealth


You had 6 spell levels left.
You didn't know any spells.

Dungeon Overview and Level Annotations

Branches:
Dungeon (4/15)
 Temple: D:4-7

Altars:
Xom
Beogh


Innate Abilities, Weirdness & Mutations

You do not eat or drink.
Your flesh is vulnerable to fire.
You are immune to poison.
Your flesh is cold resistant. (rC+)
You are immune to negative energy. (rN+++)
You are immune to unholy pain and torment.
You can survive without breathing.


Message History

The scorpion completely misses you. The orc hits you but does no damage.
The scorpion stings you.
You closely miss the scorpion.
The scorpion is heavily wounded.
The scorpion stings you but does no damage.
The orc hits you but does no damage.
You hit the scorpion but do no damage.
The scorpion is heavily wounded.
The scorpion stings you!
The scorpion stings you but does no damage.
The orc hits you but does no damage.
You hit the scorpion.
The scorpion is heavily wounded.
The scorpion stings you. The scorpion stings you!
* * * LOW HITPOINT WARNING * * *
The orc hits you but does no damage.
You hit the scorpion.
The scorpion is severely wounded.
The scorpion stings you!
You die...

...# .#.# ##.# ##.# ...#
### ###
######.###†######
###...#.#_#.#...#
#..#####.###.##.####
...# #.### ###..@s.#
#..###..#####.####o#####
#.#...........###.>....#
#.##.##.#######........#
#.##.##.# #.#..##..#
#.......# #.#...#..#
.....##########.#.#.#..#
#.####.......##.#.#.#..#
#.# #.......##........#


You could see a scorpion (berserk) and an orc.

Vanquished Creatures
  An orc warrior (D:4)
  3 orc priests (D:3)
  Crazy Yiuf (D:2)
  Natasha (thrice) (D:3)
  4 orc wizards
  Robin (D:2)
  10 adders
  3 worms (D:2)
  2 dart slugs
  2 leopard geckos
  16 orcs
  5 giant cockroaches
  13 goblins
  10 hobgoblins
  8 jackals
  2 quokkas
  9 bats
  4 frilled lizards
  9 kobolds
  8 rats
114 creatures vanquished.

Notes
Turn   | Place    | Note
-------+----------+-------------------------------------------
     0 | D:1      | jmlagarto the Mummy Chaos Knight began the quest for the Orb.
     0 | D:1      | Reached XP level 1. HP: 18/18 MP: 1/1
   197 | D:1      | Reached XP level 2. HP: 22/24 MP: 2/2
   199 | D:1      | Reached skill level 1 in Dodging
   440 | D:1      | XOM: silly message
   487 | D:1      | Reached XP level 3. HP: 27/29 MP: 3/3
   823 | D:2      | XOM: harmless Hex miscast
   861 | D:2      | Noticed Robin
   882 | D:2      | Killed Robin
  1111 | D:2      | Reached XP level 4. HP: 35/35 MP: 4/4
  1860 | D:2      | XOM: divination: detect items
  1932 | D:2      | Reached XP level 5. HP: 37/42 MP: 5/5
  2012 | D:2      | Found a runed door.
  2053 | D:2      | XOM: scenery: 1 doors close
  2143 | D:2      | Noticed Crazy Yiuf
  2148 | D:2      | Killed Crazy Yiuf
  2320 | D:3      | Reached skill level 1 in Staves
  2553 | D:3      | XOM: scenery: create altars
  2790 | D:3      | Found a roughly hewn altar of Beogh.
  2805 | D:3      | Reached XP level 6. HP: 31/48 MP: 6/6
  3149 | D:3      | Found a faded altar of an unknown god.
  3214 | D:3      | XOM: cast spell 'Disjunction'
  3216 | D:3      | XOM: confuse monster(s)
  3258 | D:3      | Noticed Natasha
  3263 | D:3      | Killed Natasha
  3552 | D:3      | Noticed Natasha
  3559 | D:3      | Killed Natasha
  3614 | D:3      | Noticed Natasha
  3620 | D:3      | Killed Natasha
  3719 | D:4      | Noticed an orc warrior
  3742 | D:4      | Killed an orc warrior
  3742 | D:4      | Reached XP level 7. HP: 21/54 MP: 7/7
  3753 | D:4      | XOM: enchant monster (bad)
  3909 | D:3      | XOM: mild Erth miscast
  3933 | D:3      | XOM: enchant monster (bad)
  3940 | D:3      | Slain by a scorpion

Skill      XL: |  1  2  3  4  5  6  7 |
---------------+----------------------+-----
Dodging        | 1 |  1.5
Armour         | 2 3 |  3.4
Axes           | 3 |  3.4
Staves         | 1 3 4 |  4.0
Fighting       | 4 |  4.0
Stealth        | |  0.5

Action                   |  1- 3 |  4- 6 |  7- 9 || total
-------------------------+-------+-------+-------++-------
Melee: Hand axe          |   103 |    96 |       ||   199
       Quarterstaff      |       |   132 |    16 ||   148
 Stab: Paralysed         |     1 |     1 |       ||     2
       Petrified         |       |     1 |       ||     1
Armor: Chain mail        |    63 |   153 |    15 ||   231
       Leather armour    |     2 |       |       ||     2
Dodge: Dodged            |    47 |    84 |    13 ||   144
